 Dungeon Crawl Stone Soup version 0.28.0 (webtiles) character file.

Game seed: 680522757341074980

16913 Minsecho the Frost Mage (level 12, 0/84 HPs)
             Began as a Merfolk Ice Elementalist on Feb 5, 2022.
             Was an Elder of Sif Muna.
             Slain by a slime creature (14 damage)
             ... on level 13 of the Dungeon.
             The game lasted 00:36:06 (17065 turns).

Minsecho the Frost Mage (Merfolk Ice Elementalist) Turns: 17065, Time: 00:36:08

Health: 0/84       AC: 17    Str: 12    XL:     12   Next: 42%
Magic:  15/24      EV: 15    Int: 15    God:    Sif Muna [****..]
Gold:   734        SH:  0    Dex: 15    Spells: 9/28 levels left

rFire   x . .      SeeInvis .   E - +2 trident
rCold   + . .      Faith    .   (no shield)
rNeg    . . .      Spirit   .   w - +0 acid dragon scales
rPois   .          Reflect  .   (no helmet)
rElec   .          Harm     .   M - +1 cloak
rCorr   +          Rampage  .   (no gloves)
Will    .....                   q - +0 pair of boots
Stlth   +++.......              (no amulet)
HPRegen 0.24/turn               m - ring of ice
MPRegen 0.19/turn               (no ring)

@: ice-armoured, freezing walls
A: (nimble swimmer 2), mertail
a: Renounce Religion, Channel Magic, Forget Spell, Divine Exegesis


You were on level 13 of the Dungeon.
You worshipped Sif Muna.
Sif Muna was greatly pleased with you.
You visited 2 branches of the dungeon, and saw 14 of its levels.

You collected 734 gold pieces.

Inventory:

Hand Weapons
 g - a +0 falchion
 h - a +1 scythe of flaming
 E - a +2 trident (weapon)
Armour
 a - a +2 robe of willpower
 p - a scarf of harm
 q - a +0 pair of boots (worn)
 w - +0 acid dragon scales (worn)
 K - a +3 scale mail of fire resistance
 M - a +1 cloak (worn)
Magical Staves
 o - a staff of cold
Jewellery
 m - a ring of ice (left hand)
Wands
 k - a wand of mindburst (7)
 l - a wand of polymorph (5)
 r - a wand of paralysis (15)
 y - a wand of flame (46)
 C - a wand of acid (18)
 F - a wand of iceblast (22)
Scrolls
 b - 2 scrolls of blinking {unknown}
 c - 3 scrolls of teleportation
 d - 2 scrolls of immolation {unknown}
 e - 3 scrolls of fear
 s - 2 scrolls of enchant weapon {unknown}
 u - 3 scrolls of amnesia {unknown}
 D - 3 scrolls of magic mapping
 H - a scroll of brand weapon {unknown}
Potions
 f - 2 potions of might
 i - 6 potions of curing
 j - 2 potions of attraction
 n - a potion of lignification
 t - 3 potions of heal wounds
 v - 2 potions of haste
 x - 2 potions of brilliance
 A - a potion of degeneration
 B - a potion of magic {unknown}
 G - 2 potions of mutation {unknown}
 L - a potion of berserk rage {unknown}
Miscellaneous
 I - a phantom mirror
 J - a condenser vane


   Skills:
 + Level 4.7 Fighting
 + Level 11.9(12.0) Polearms
 + Level 0.1(4.3) Staves
 + Level 4.1 Armour
 + Level 8.2 Dodging
 + Level 5.1 Stealth
 + Level 8.9 Spellcasting
 + Level 0.7 Conjurations
 + Level 1.7 Transmutations
 + Level 0.1 Fire Magic
 * Level 12.5 Ice Magic
 + Level 1.2 Air Magic
 + Level 1.2 Poison Magic
 * Level 2.8 Invocations
 + Level 2.3 Evocations


You had 9 spell levels left.
You knew the following spells:

 Your Spells              Type           Power      Damage    Failure   Level
a - Freeze                Ice            100%       1d11      1%          1
b - Frozen Ramparts       Ice            100%       1d12      1%          3
c - Ozocubu's Armour      Ice            61%        N/A       1%          3
d - Hailstorm             Conj/Ice       39%        3d9       11%         4
e - Wereblood             Tmut           11%        N/A       12%         2
f - Mephitic Cloud        Conj/Pois/Air  9%         N/A       30%         3
g - Ignite Poison         Fire/Tmut/Pois 9%         N/A       30%         3

Your spell library contained the following spells:

 Spells                   Type           Power      Damage    Failure   Level
 Beastly Appendage        Tmut           22%        N/A       8%          1
 Poisonous Vapours        Pois/Air       20%        N/A       14%         2
 Corpse Rot               Necr/Air       16%        N/A       19%         2
 Spider Form              Tmut/Pois      11%        N/A       26%         3
 Metabolic Englaciation   Hex/Ice        19%        N/A       32%         5
 Tukima's Dance           Hex            6%         N/A       43%         3
 Freezing Cloud           Conj/Ice/Air   15%        6-21      52%         5
 Ozocubu's Refrigeration  Ice            30%        4d11      61%         7
 Petrify                  Tmut/Erth      9%         N/A       73%         4
 Anguish                  Hex/Necr       3%         N/A       85%         4
 Passage of Golubria      Tloc           6%         N/A       85%         4
 Silence                  Hex/Air        4%         N/A       98%         5
 Statue Form              Tmut/Erth      6%         N/A       100%        6
 Enfeeble                 Hex            3%         N/A       100%        7
 Lehudib's Crystal Spear  Conj/Erth      3%         10d3      100%        8


Dungeon Overview and Level Annotations

Branches:
Dungeon (13/15)            Temple (1/1) D:6            Lair (0/6) D:10
    Orc (0/2) D:11
 Vaults: D:13-14

Altars:
Ashenzari
Cheibriados
Dithmenos
Elyvilon
Fedhas
Gozag
Hepliaklqana
Kikubaaqudgha
Makhleb
Nemelex Xobeh
Okawaru
Qazlal
Ru
Sif Muna
Trog
Uskayaw
Vehumet
Wu Jian
Xom
Yredelemnul
Zin
The Shining One

Shops:
D:7 *   D:9 *


Innate Abilities, Weirdness & Mutations

((You are very nimble when in or above water. (Stealth+, EV+, Speed+++)))
Your lower body shifts to a powerful aquatic tail in water.


Message History

You feel a surge of power!
You freeze the slime creature!
The slime creature is lightly wounded.
The slime creature closely misses you.
Casting: Freeze (safe; 1% risk of failure)
Confirm with . or Enter, or press ? or * to list all spells.
Aiming: Freeze (safe; 1% risk of failure)
Press: ? - help, Shift-Dir - straight line, f/p - slime creature
Aim: a slime creature (lightly wounded)
You feel a surge of power!
You freeze the slime creature!
The slime creature is moderately wounded.
The slime creature completely misses you.
Casting: Freeze (safe; 1% risk of failure)
Confirm with . or Enter, or press ? or * to list all spells.
Aiming: Freeze (safe; 1% risk of failure)
Press: ? - help, Shift-Dir - straight line, f/p - slime creature
Aim: a slime creature (moderately wounded)
You feel a surge of power!
You freeze the slime creature!
The slime creature is heavily wounded.
The slime creature hits you.
* * * LOW HITPOINT WARNING * * *
Casting: Freeze (safe; 1% risk of failure)
Confirm with . or Enter, or press ? or * to list all spells.
Aiming: Freeze (safe; 1% risk of failure)
Press: ? - help, Shift-Dir - straight line, f/p - slime creature
Aim: a slime creature (heavily wounded)
You feel a surge of power!
You freeze the slime creature.
The slime creature is heavily wounded.
The slime creature hits you but does no damage.
Press: ? - help, v - describe, . - travel
Here: a slime creature (heavily wounded)
The floor.
Casting: Freeze (safe; 1% risk of failure)
Confirm with . or Enter, or press ? or * to list all spells.
Casting: Frozen Ramparts (safe; 1% risk of failure)
Press: ? - help, Dir - look around, f - activate A stone staircase leading up, spattered with blood.
You feel a surge of power!
The walls around you are covered in ice.
The wall freezes the slime creature.
The slime creature hits you!
You die...

...# ...#
...+ ...
..
######.#
##....J.##
#..:..@..#
#.###+##.#
#


You could see a slime creature.

Vanquished Creatures
  A rakshasa (D:8)
  Erolcha (D:10)
  A boulder beetle (D:11)
  A centaur warrior (D:8)
  5 two-headed ogres
  Pikel (D:6)
  A cyclops (D:8)
  A manticore (D:8)
  Maurice (D:11)
  3 gargoyles
  Joseph (D:9)
  Psyche (D:10)
  Maggie (D:10)
  An unseen horror (D:6)
  A troll (D:12)
  4 slime creatures (D:12)
  Sigmund (D:3)
  5 yaks (D:12)
  2 wyverns (D:9)
  3 vampire mosquitoes
  2 water moccasins (D:8)
  2 acid dragons
  Edmund (D:5)
  9 orc warriors
  2 ice beasts
  2 sky beasts (D:5)
  A black bear (D:5)
  An ogre (D:5)
  2 centaurs (D:8)
  4 lemures
  2 kobold brigands
  4 bullfrogs (D:8)
  A gnoll sergeant (D:8)
  A wyvern zombie (D:8)
  12 killer bees
  13 wights
  A vampire bat (D:4)
  3 electric eels (D:3)
  3 howler monkeys
  6 centaur zombies
  3 hounds
  Crazy Yiuf (D:5)
  3 bullfrog skeletons
  6 orc priests
  2 gnoll shamans
  2 iguanas
  Natasha (thrice) (D:3)
  11 orc wizards
  2 killer bee zombies (D:7)
  2 hound skeletons (D:4)
  Robin (D:4)
  3 adders
  12 gnolls
  A white imp (D:5)
  An adder skeleton (D:5)
  3 worms
  2 dart slugs
  3 fire bats (D:4)
  34 orcs
  2 spectral bats (D:4)
  12 bats
  3 bat skeletons (D:4)
  A bat zombie (D:4)
  4 endoplasms
  3 giant cockroaches
  16 goblins
  14 hobgoblins
  6 jackals
  6 ball pythons
  A bat simulacrum (D:4)
  A frilled lizard (D:3)
  12 kobolds
  6 rats
290 creatures vanquished.

Vanquished Creatures (others)
  2 plants (D:3)
2 creatures vanquished.

Grand Total: 292 creatures vanquished

Notes
Turn   | Place    | Note
-------+----------+-------------------------------------------
     0 | D:1      | Minsecho the Merfolk Ice Elementalist began the quest for
                  | the Orb.
     0 | D:1      | Reached XP level 1. HP: 13/13 MP: 3/3
   740 | D:1      | Found a faded altar of an unknown god.
   744 | D:1      | Reached XP level 2. HP: 15/19 MP: 1/5
  1350 | D:1      | Reached skill level 5 in Ice Magic
  2114 | D:2      | Reached XP level 3. HP: 24/24 MP: 4/6
  3222 | D:3      | Found a transporter.
  3228 | D:3      | Noticed Sigmund
  3286 | D:3      | Found a sacrificial altar of Ru.
  3416 | D:3      | Noticed Natasha
  3438 | D:3      | Killed Natasha
  3439 | D:3      | Reached XP level 4. HP: 16/30 MP: 4/8
  3596 | D:3      | Found a transporter.
  4039 | D:3      | Noticed Natasha
  4042 | D:3      | Killed Natasha
  4056 | D:3      | Reached XP level 5. HP: 20/36 MP: 2/9
  4186 | D:3      | Learned a level 3 spell: Frozen Ramparts
  4190 | D:3      | Learned a level 3 spell: Ozocubu's Armour
  4418 | D:3      | Killed Sigmund
  4419 | D:3      | Reached skill level 6 in Ice Magic
  4419 | D:3      | Reached XP level 6. HP: 42/42 MP: 3/12
  4554 | D:3      | Noticed Natasha
  4737 | D:3      | Killed Natasha
  4974 | D:4      | Found an opulent altar of Gozag.
  5038 | D:4      | Reached XP level 7. HP: 31/47 MP: 5/13
  5200 | D:4      | Noticed Robin
  5345 | D:4      | Killed Robin
  5728 | D:4      | Reached skill level 1 in Fighting
  5728 | D:4      | Reached skill level 1 in Polearms
  5930 | D:4      | Reached skill level 5 in Spellcasting
  5990 | D:5      | Entered Level 5 of the Dungeon
  6003 | D:5      | Reached skill level 1 in Armour
  6111 | D:5      | Reached XP level 8. HP: 35/54 MP: 8/15
  6337 | D:5      | Reached skill level 7 in Ice Magic
  6463 | D:5      | Noticed Edmund
  6473 | D:5      | Killed Edmund
  6474 | D:5      | Reached skill level 5 in Polearms
  6612 | D:5      | Found a glowing silver altar of Zin.
  6991 | D:5      | Found a runed translucent door.
  6992 | D:5      | Noticed Crazy Yiuf
  6999 | D:5      | Killed Crazy Yiuf
  7819 | D:6      | Killed an unseen horror
  7820 | D:6      | Reached skill level 5 in Dodging
  7820 | D:6      | Reached XP level 9. HP: 19/61 MP: 15/18
  7978 | D:6      | Found a staircase to the Ecumenical Temple.
  7988 | D:6      | Noticed Pikel
  7991 | Temple   | Entered the Ecumenical Temple
  8164 | Temple   | Learned a level 4 spell: Hailstorm
  8173 | Temple   | Became a worshipper of Sif Muna the Loreminder
  8197 | D:6      | Killed Pikel
  8198 | D:6      | Reached skill level 8 in Ice Magic
  9429 | D:7      | Found Qyjoor Heih's Gadget Gallery.
  9576 | D:7      | Learned a level 2 spell: Wereblood
  9724 | D:8      | Found a shadowy altar of Dithmenos.
 10085 | D:8      | Reached * piety under Sif Muna
 10180 | D:8      | Reached XP level 10. HP: 66/70 MP: 12/19
 10333 | D:8      | Reached skill level 9 in Ice Magic
 10559 | D:8      | Reached ** piety under Sif Muna
 11155 | D:8      | Noticed a two-headed ogre
 11155 | D:8      | Noticed a cyclops
 11157 | D:8      | Noticed a centaur warrior
 11159 | D:8      | Noticed a gargoyle
 11162 | D:8      | Noticed a two-headed ogre
 11163 | D:8      | Noticed a manticore
 11167 | D:8      | Killed a cyclops
 11168 | D:8      | Reached skill level 10 in Ice Magic
 11168 | D:8      | Noticed a rakshasa
 11169 | D:8      | Killed a centaur warrior
 11171 | D:8      | Killed a two-headed ogre
 11172 | D:8      | Reached skill level 1 in Evocations
 11174 | D:8      | Killed a gargoyle
 11175 | D:8      | Reached XP level 11. HP: 42/76 MP: 15/22
 11176 | D:8      | Killed a manticore
 11181 | D:8      | Reached skill level 10 in Polearms
 11181 | D:8      | Reached skill level 11 in Ice Magic
 11181 | D:8      | Killed a two-headed ogre
 11183 | D:8      | Killed a rakshasa
 11184 | D:8      | Reached skill level 1 in Transmutations
 12458 | D:9      | You fall into a shaft and drop 3 floors!
 12744 | D:10     | Entered Level 10 of the Dungeon
 12766 | D:10     | Noticed Psyche
 12775 | D:10     | Killed Psyche
 12775 | D:10     | Reached *** piety under Sif Muna
 12782 | D:10     | Found a shimmering altar of Xom.
 12914 | D:10     | Learned a level 3 spell: Mephitic Cloud
 12929 | D:10     | Learned a level 3 spell: Ignite Poison
 12991 | D:10     | Noticed Erolcha
 13011 | D:10     | Killed Erolcha
 13167 | D:9      | Noticed Joseph
 13210 | D:9      | Killed Joseph
 13633 | D:9      | Found Byimid's General Store.
 13956 | D:9      | Reached skill level 12 in Ice Magic
 14275 | D:10     | Noticed a two-headed ogre
 14295 | D:10     | Killed a two-headed ogre
 14495 | D:10     | Found a staircase to the Lair.
 14539 | D:10     | Noticed Maggie
 14539 | D:10     | Found a stormy altar of Qazlal.
 14541 | D:10     | Killed Maggie
 14542 | D:10     | Reached skill level 5 in Stealth
 14542 | D:10     | Reached XP level 12. HP: 77/84 MP: 17/24
 14622 | D:10     | Reached skill level 1 in Poison Magic
 14622 | D:10     | Reached skill level 1 in Invocations
 14767 | D:10     | Noticed a two-headed ogre
 14782 | D:10     | Killed a two-headed ogre
 15140 | D:10     | Found a bloodstained altar of Trog.
 15140 | D:10     | Found a radiant altar of Vehumet.
 15141 | D:10     | Found an iron altar of Okawaru.
 15236 | D:11     | Noticed a boulder beetle
 15281 | D:11     | Killed a boulder beetle
 15596 | D:11     | Noticed Maurice
 15618 | D:11     | Killed Maurice
 15619 | D:11     | Reached skill level 1 in Air Magic
 15685 | D:11     | Found a staircase to the Orcish Mines.
 15785 | D:11     | Noticed a two-headed ogre
 15796 | D:11     | Killed a two-headed ogre
 16245 | D:12     | Reached **** piety under Sif Muna
 17011 | D:12     | Noticed a boulder beetle
 17020 | D:12     | Identified the +10 hand axe of Fedhas's Whim {venom,
                  | Stlth+}
 17065 | D:13     | Slain by a slime creature

Illustrated notes

Levels and vault maps discovered:
D:1:      psy_arrival_fountain, layout_loops_corners,
          shapermc_ecumenical_altar_mp_highgroup, serial_bayou_lagoon_a
D:2:      layout_basic
D:3:      gammafunk_steamed_eel, layout_loops_ring,
          nicolae_ru_the_path_less_chosen, guppyfry_early_orc_mine,
          uniq_natasha, uniq_sigmund
D:4:      layout_rooms, mainiacjoe_overflow_cross_hatched,
          chequers_serial_rivers_room_a, hangedman_abyss_or_decor_stabs,
          minmay_tree_intersection, goddamned_bats, uniq_robin
D:5:      layout_loops_ring, lemuel_tele_altar, nicolae_figureground_sparkle,
          uniq_edmund, uniq_crazy_yiuf_cottage
D:6:      layout_loops_ring, minmay_temple_entry_ruins, uniq_pikel
D:7:      layout_basic, nicolae_shop_gadgets
D:8:      minmay_the_grid_triangle_9x9_rhombus_full
          [minmay_the_grid_triangle_9x9_corrupted_corridor,
          minmay_the_grid_triangle_9x9_negative_grid,
          minmay_the_grid_triangle_9x9_minimal,
          minmay_the_grid_triangle_9x9_skeleton,
          minmay_the_grid_triangle_9x9_longest,
          minmay_the_grid_triangle_9x9_thin_v,
          minmay_the_grid_triangle_9x9_dagger,
          minmay_the_grid_triangle_9x9_prize_center], layout_basic,
          mainiacjoe_overflow_tiny_flanked, minmay_misc_feat_columns
D:9:      layout_small_grid, serial_shops, nicolae_take_the_stairs, uniq_joseph
D:10:     layout_loops_cross, xom_teletrap_fun,
          nicolae_qazlal_general_emergency, gammafunk_temple_overflow_claw,
          uniq_psyche, uniq_maggie, uniq_erolcha
D:11:     layout_long_grid, hiddenorc1_lemuel, uniq_maurice
D:12:     layout_layer_cave
D:13:     layout_roguey, trove_entry_hex_spiral, amcnicky_mini_corridor_feature,
          okawaru_gym_becter
Temple:   cyrus_circular_temple

Skill      XL: |  1  2  3  4  5  6  7  8  9 10 11 12 |
---------------+-------------------------------------+-----
Ice Magic      | 5 6 7 8 10 12 | 12.5
Spellcasting   | 3 4 5 6 7 8 |  8.9
Dodging        | 3 4 5 6 7 8 |  8.2
Stealth        | 3 4 5 |  5.1
Fighting       | 1 2 3 4 |  4.7
Polearms       | 3 5 8 9 11 | 11.9
Armour         | 1 2 3 4 |  4.1
Evocations     | 1 2 |  2.3
Transmutations | 1 |  1.7
Poison Magic   | 1 |  1.2
Invocations    | 2 |  2.8
Air Magic      | 1 |  1.2
Staves         | |  0.1
Conjurations   | |  0.7
Fire Magic     | |  0.1

Action                   |  1- 3 |  4- 6 |  7- 9 | 10-12 || total
-------------------------+-------+-------+-------+-------++-------
Melee: Unarmed           |     6 |       |       |       ||     6
       Falchion          |    34 |    10 |       |       ||    44
       Punch             |     1 |       |       |     8 ||     9
       Staff             |       |    19 |     8 |       ||    27
       Scythe            |       |       |   199 |       ||   199
       Trident           |       |       |     3 |   412 ||   415
 Cast: Freeze            |    50 |    27 |    22 |    35 ||   134
       Frozen Ramparts   |       |     8 |    22 |    34 ||    64
       Ozocubu's Armour  |       |     4 |    12 |    24 ||    40
       Wereblood         |       |       |       |     3 ||     3
       Mephitic Cloud    |       |       |       |    12 ||    12
       Ignite Poison     |       |       |       |     1 ||     1
Evoke: Wand              |       |       |     6 |    11 ||    17
  Use: Potion            |       |     3 |     3 |       ||     6
       Scroll            |       |       |     5 |     4 ||     9
 Stab: Sleeping          |     2 |       |     6 |     2 ||    10
       Distracted        |       |       |     1 |     1 ||     2
       Confused          |       |       |       |     5 ||     5
Armor: Robe              |     8 |     9 |       |       ||    17
       Leather armour    |       |    11 |   113 |       ||   124
       Acid dragon scale |       |       |   124 |   109 ||   233
Dodge: Dodged            |    47 |    38 |   360 |   217 ||   662
